 Dungeon Crawl Stone Soup version 0.24-a0-439-g6dd8730de2 (webtiles) character file.

Game seed: 8105004668052700392

7 emperorscorpion the Chopper (level 1, 0/20 HPs)
             Began as a Deep Dwarf Berserker on June 17, 2019.
             Was a Follower of Trog.
             Slain by an orc
             ... wielding a +0 whip
              (1 damage)
             ... on level 3 of the Dungeon.
             The game lasted 00:01:27 (192 turns).

emperorscorpion the Chopper (Deep Dwarf Berserker)   Turns: 192, Time: 00:01:27

Health: 0/20       AC:  2    Str: 20    XL:     1   Next: 91%
Magic:  1/1        EV: 12    Int:  7    God:    Trog [*.....]
Gold:   0          SH:  0    Dex: 12    Spells: 0/0 levels left

rFire    . . .     SeeInvis .   a - +0 hand axe
rCold    . . .     Gourm    .   (no shield)
rNeg     . . .     Faith    .   b - +0 animal skin
rPois    .         Spirit   .   (no helmet)
rElec    .         Reflect  .   (no cloak)
rCorr    .         Harm     .   (no gloves)
MR       .....                  (no boots)
Stlth    +.........             (no amulet)
HPRegen  0.00/turn              (no ring)
MPRegen  0.07/turn              (no ring)

@: non-regenerating
A: damage resistance, heal wounds, sense surroundings 1, no regeneration
a: Heal Wounds, Berserk, Renounce Religion


You were on level 3 of the Dungeon.
You worshipped Trog.
Trog was aware of your devotion.
You were not hungry.

You visited 1 branch of the dungeon, and saw 4 of its levels.

Inventory:

Hand Weapons
 a - a +0 hand axe (weapon)
Armour
 b - a +0 animal skin (worn)
Scrolls
 d - 2 scrolls of identify {unknown}
Comestibles
 c - a ration
 f - 5 chunks of flesh


   Skills:
 + Level 2.9 Fighting
 + Level 3.5 Axes
 + Level 2.2 Armour
 + Level 2.3 Dodging


You couldn't memorise any spells.
You didn't know any spells.
Your spell library was empty.

Dungeon Overview and Level Annotations

Branches:
Dungeon (4/15)
 Temple: D:4-7

Altars:

Shops:
D:4 ?


Innate Abilities, Weirdness & Mutations

You are resistant to damage.
You can heal yourself by infusing magical energy.
You passively map a small area around you.
You do not regenerate.


Message History

You see here 20 arrows.
You feel yourself speed up.
You open the door.
Found a falchion.
There is an open door here.
You open the door.
You recover from your berserk rage.
You open the door.
There is a stone staircase leading down here.
You aren't carrying any potions.
You climb downwards.
The orc barely misses you. The worm bites you!
There is a stone staircase leading up, spattered with blood here.
The orc hits you with a +0 flail!
* * * LOW HITPOINT WARNING * * *
The orc hits you with a +0 whip. The worm closely misses you.
The orc misses you.
You climb upwards.
There is a stone staircase leading down here.
The orc hits you with a +0 whip.
You die...

..####.........####....#######
* * ##.......## #......# , ,
##.......####.##.#.# **
##...##.#.##.##...# , *
##'###...##..##..#* * * * #.#
####..###*..# *, #.# ###ow#
..# ##.# #.o##..# .## ,
*#..[####@# .## , * .........#
## * * * #........######.# *
........[)......#
####.....######## #.....# *
#######


You could see 2 orcs.

Vanquished Creatures
  An orc (D:3)
  A giant cockroach (D:1)
  3 goblins
5 creatures vanquished.

Notes
Turn   | Place    | Note
-------+----------+-------------------------------------------
     0 | D:1      | emperorscorpion the Deep Dwarf Berserker began the quest
                  | for the Orb.
     0 | D:1      | Reached XP level 1. HP: 20/20 MP: 1/1
   146 | D:4      | Found Reza's Magic Scroll Emporium.
   146 | D:4      | Noticed a worker ant
   146 | D:4      | Noticed an orc priest
   189 | D:4      | HP: 1/20 [orc/+0 flail (6)]
   192 | D:3      | Slain by an orc

Levels and vault maps discovered:
D:1:      doesnt_arrival_eight_statues, layout_basic,
          nemelex_xobeh_ov_fountains_minmay
D:2:      layout_basic, vehumet_crystals, first_ration, uniq_terence,
          uniq_natasha
D:3:      layout_loops_corners, st_stairs_7
D:4:      layout_rooms, overflow_temple_1_default,
          minmay_temple_entry_water_ring, serial_shops, shop,
          nicolae_shop_window_shopping, shop, kennysheep_generic_room_6,
          uniq_blork_the_orc

Action                   || total
-------------------------++-------
Melee: Hand axe          ||    17
Invok: Berserk           ||     1
Armor: Animal skin       ||     6
Dodge: Dodged            ||    17

Table legend:
 A = Non-vault XP
 B = Vault XP
 C = Vault XP percentage of total XP
 D = Non-vault monster count
 E = Vault monster count
 F = Vault count percentage of total count
                 A         B        C        D         E       F
            +---------+---------+-------+---------+---------+-------
      Total |       9 |       2 |  18.2 |       4 |       1 |  20.0
            +---------+---------+-------+---------+---------+-------
        D:1 |       4 |       0 |   0.0 |       2 |       0 |   0.0
        D:3 |       5 |       2 |  28.6 |       2 |       1 |  33.3
            +---------+---------+-------+---------+---------+-------
